 Dungeon Crawl Stone Soup version 0.30.1-11-g7821555f0a (webtiles) character file.

Game seed: 17437069681852961209

999 Martska the Trooper (level 8, 0/64 HPs)
             Began as a Demonspawn Fighter on Dec 13, 2023.
             Was a Follower of Uskayaw.
             Slain by a yak (12 damage)
             ... on level 6 of the Dungeon.
             The game lasted 00:07:15 (5124 turns).

Martska the Trooper (Demonspawn Fighter)            Turns: 5124, Time: 00:07:15

Health: 0/64       AC: 10    Str: 18    XL:     8   Next: 0%
Magic:  8/8        EV: 13    Int: 10    God:    Uskayaw [*.....]
Gold:   262        SH:  0    Dex: 25    Spells: 7/7 levels left

rFire   . . .        v - +0 great sword
rCold   . . .        (shield currently unavailable)
rNeg    . . .        b - +0 scale mail
rPois   .            (helmet restricted)
rElec   .            J - +0 cloak
rCorr   .            (no gloves)
SInv    .            (no boots)
Will    .....        f - amulet of the acrobat
Stlth   +            e - +6 ring of dexterity
HPRegen 0.30/turn    H - +6 ring of dexterity
MPRegen 0.11/turn

%: acrobat
@: no status effects
A: horns 1, demonic guardian 2, sharp scales 2
a: Renounce Religion, Stomp


You were on level 6 of the Dungeon.
You worshipped Uskayaw.
Uskayaw was noncommittal.
You visited 1 branch of the dungeon, and saw 6 of its levels.
You also visited: Sewer.

You collected 262 gold pieces.

Inventory:

Hand Weapons
 a - a +0 trident
 n - a +2 whip of flaming
 v - a +0 great sword (weapon)
Armour
 b - a +0 scale mail (worn)
 c - a +0 buckler
 u - a scarf of resistance
 J - a +0 cloak (worn)
Jewellery
 e - a +6 ring of dexterity (left hand)
 f - an amulet of the acrobat (around neck)
 x - a ring of positive energy
 y - a ring of protection from cold
 G - a ring of see invisible
 H - a +6 ring of dexterity (right hand)
 K - a ring of willpower
Scrolls
 g - 5 scrolls of vulnerability
 i - a scroll of enchant armour
 m - 2 scrolls of poison
 p - a scroll of amnesia
 q - a scroll of torment
 s - a scroll of fog {unknown}
 z - a scroll of silence {unknown}
 B - a scroll of noise {unknown}
 C - a scroll of fear {unknown}
 D - 3 scrolls of teleportation {unknown}
 F - 3 scrolls of identify
 I - a scroll of enchant weapon {unknown}
Potions
 d - 2 potions of might
 h - 2 potions of mutation {unknown}
 j - 2 potions of curing
 k - a potion of lignification {unknown}
 l - 2 potions of magic {unknown}
 o - 4 potions of degeneration {unknown}
 r - 2 potions of heal wounds {unknown}
 t - 2 potions of berserk rage {unknown}
 w - a potion of attraction {unknown}
 A - a potion of cancellation {unknown}
 E - a potion of brilliance {unknown}


   Skills:
 * Level 6.1 Fighting
 * Level 0.0 Long Blades
 - Level 1.7 Polearms
 + Level 4.2 Armour
 * Level 4.7 Dodging
 - Level 4.2 Shields


You had 7 spell levels left.
You didn't know any spells.
Your spell library contained the following spells:

 Spells                   Type           Power      Damage    Failure   Level
 Dazzling Flash           Conj/Hex       0%         N/A       98%         3
 Summon Guardian Golem    Hex/Summ       0%         N/A       98%         3
 Cause Fear               Hex            0%         N/A       100%        4
 Petrify                  Tmut/Erth      0%         N/A       100%        4
 Agony                    Necr           0%         N/A       100%        5
 Metabolic Englaciation   Hex/Ice        0%         N/A       100%        5
 Silence                  Hex/Air        0%         N/A       100%        5
 Statue Form              Tmut/Erth      0%         N/A       100%        6
 Dragon Form              Tmut           0%         N/A       100%        7
 Orb of Destruction       Conj           0%         9d5       100%        7
 Spellforged Servitor     Conj/Summ      0%         N/A       100%        7
 Dragon's Call            Summ           0%         N/A       100%        9


Dungeon Overview and Level Annotations

Branches:
Dungeon (6/15)              Sewer (visited)
 Temple: D:4-7

Altars:
Ashenzari
Cheibriados
Dithmenos
Fedhas
Gozag
Sif Muna
Uskayaw
Wu Jian

Shops:
D:1 [!   D:5 *

Annotations:
D:3 exclusion: oklob plant
D:4 2 transporters


Innate Abilities, Weirdness & Mutations

You have a pair of small horns on your head.
A demonic guardian rushes to your aid.
You are mostly covered in razor-sharp scales. (AC +2, Slay +2)


Message History

F - 3 scrolls of identify (gained 1)
A yak comes into view.
The yak bellows!
The yak moves out of view.
A yak comes into view.
A yak is nearby!
A yak is nearby!
A yak comes into view.
Found 3 gold pieces.
The yak bellows! x2
A hound comes into view.
The hound barks!
The yak misses you. The yak completely misses you. The yak closely misses you.
You slash the yak!
The yak is heavily wounded.
The yak barely misses you. x2; The yak gores you but does no damage.
You can now stomp with the beat.
You slash the yak!
The yak is severely wounded.
The yak completely misses you. The yak gores you! The yak misses you. x2
The yak gores you but does no damage. The yak completely misses you.
You barely miss the yak.
The yak is severely wounded.
The yak barely misses you.
The yak gores you but does no damage. x2
The yak gores you!
A demonic guardian appears!
The yak barely misses you. The yak misses you.
You completely miss the yak.
The yak is heavily wounded.
The yak completely misses you. The yak gores you! x2
Your rust devil hits the yak.
Your rust devil corrodes the yak!
The yak misses you. The yak gores you!
* * * LOW HITPOINT WARNING * * *
The yak gores you!
* * * LOW HITPOINT WARNING * * *
You slash the yak! You headbutt the yak.
The yak is almost dead.
Your rust devil hits the yak!
The yak seems to be corroded for longer.
The yak gores you!
You die...

.....#######.##....
##..............).......
#.....................#.
...$.............####...
......##.....##...# #.
.........#..^...#.# ###.
##............###.###...
......Y......## #..#..##
#...hY@.....#####...# #
#....Y..............###
#####4.................
#........#####......
.....###### #......
####### #...... #......
#...... #......


You could see 3 yaks, a hound and a friendly rust devil (summoned).

Vanquished Creatures
  Grinder (D:3)
  A kobold brigand (Sewer)
  4 quasits (D:4)
  A hound (D:5)
  Crazy Yiuf (D:5)
  A jelly (D:5)
  A gnoll bouda (D:5)
  2 iguanas
  2 orc wizards (D:4)
  9 gnolls
  10 adders
  7 river rats
  5 worms
  A dart slug (D:4)
  7 orcs
  17 ball pythons
  6 endoplasms
  4 giant cockroaches
  4 goblins
  3 hobgoblins
  6 jackals
  11 kobolds
  A quokka (D:1)
  3 bats
  9 frilled lizards
  12 rats
129 creatures vanquished.

Vanquished Creatures (collateral kills)
  The ghost of Avendria the Magician, a weakling DjNe (D:4)
1 creature vanquished.

Grand Total: 130 creatures vanquished

Notes
Turn   | Place    | Note
-------+----------+-------------------------------------------
     0 | D:1      | Martska the Demonspawn Fighter began the quest for the Orb.
     0 | D:1      | Reached XP level 1. HP: 18/18 MP: 1/1
   207 | D:1      | Gained mutation: You are partially covered in razor-sharp
                  | scales. (AC +1, Slay +1) [demonic ancestry]
   207 | D:1      | Reached XP level 2. HP: 24/24 MP: 2/2
   318 | D:1      | Found Huzegah's Antique Armour Shop.
   416 | D:1      | Reached skill level 1 in Dodging
   625 | D:1      | Found Lousec's Distillery.
   805 | D:2      | Gained mutation: You are mostly covered in razor-sharp
                  | scales. (AC +2, Slay +2) [demonic ancestry]
   805 | D:2      | Reached XP level 3. HP: 29/29 MP: 3/3
  1511 | D:3      | Found a faded altar of an unknown god.
  1635 | D:3      | Found a shadowy altar of Dithmenos.
  1764 | D:3      | Found an opulent altar of Gozag.
  1853 | D:3      | Gained mutation: You have a pair of small horns on your
                  | head. [demonic ancestry]
  1853 | D:3      | Reached XP level 4. HP: 37/37 MP: 4/4
  2028 | D:3      | Found a blossoming altar of Fedhas.
  2044 | D:3      | Noticed an oklob plant
  2096 | D:3      | Noticed Grinder
  2096 | D:3      | Paralysed by Grinder for 3 turns
  2110 | D:3      | Killed Grinder
  2111 | D:3      | Reached skill level 4 in Fighting
  2111 | D:3      | Reached XP level 5. HP: 29/43 MP: 5/5
  2310 | D:4      | Found a transporter.
  2313 | D:4      | Noticed Avendria's ghost (weakling DjNe)
  2325 | D:4      | Reached XP level 6. HP: 49/49 MP: 6/6
  2444 | D:4      | Found a transporter.
  2446 | D:4      | Noticed a sky beast
  2446 | D:4      | Noticed a wyvern
  2449 | D:4      | Found a transporter.
  2654 | D:4      | Found a glowing drain.
  2658 | Sewer    | Entered a sewer
  2898 | Sewer    | Reached skill level 5 in Fighting
  3056 | Sewer    | Gained mutation: A weak demonic guardian rushes to your
                  | aid. [demonic ancestry]
  3056 | Sewer    | Reached XP level 7. HP: 56/56 MP: 7/7
  3558 | D:4      | Found a shimmering blue altar of Sif Muna.
  3615 | D:4      | Found a transporter.
  3674 | D:4      | Found a snail-covered altar of Cheibriados.
  3996 | D:4      | Killed Avendria's ghost
  4102 | D:5      | Entered Level 5 of the Dungeon
  4164 | D:5      | Found a broken altar of Ashenzari.
  4342 | D:5      | Found Ipamin's Elemental Accessories.
  4487 | D:5      | Reached skill level 6 in Fighting
  4661 | D:5      | Found an ornate altar of the Wu Jian Council.
  4781 | D:5      | Found a runed translucent door.
  4782 | D:5      | Noticed Crazy Yiuf
  4906 | D:5      | Killed Crazy Yiuf
  5022 | D:6      | Found a hide-covered altar of Uskayaw.
  5067 | D:6      | Became a worshipper of Uskayaw the Reveller
  5108 | D:6      | Gained mutation: A demonic guardian rushes to your aid.
                  | [demonic ancestry]
  5108 | D:6      | Reached XP level 8. HP: 64/64 MP: 8/8
  5120 | D:6      | Reached * piety under Uskayaw
  5124 | D:6      | Slain by a yak

Illustrated notes

Levels and vault maps discovered:
D:1:      dpeg_arrival_leaves_temple_mockup, layout_loops_ring, serial_shops,
          nicolae_shop_peninsula, nicolae_shop_advertising_works
          [nicolae_subvault_shop_adworks]
D:2:      layout_loops_ring
D:3:      layout_loops_ring, nicolae_dithmenos_through_a_glass_darkly,
          mainiacjoe_overflow_24_doors, tgw_fedhas,
          ebering_ecumenical_altar_petrified, uniq_grinder
D:4:      cheibrodos_old_hovel, layout_loops_ring,
          gammafunk_temple_overflow_arena, mainiacjoe_overflow_alcove_2,
          lightli_sewer_entry_pipes, gammafunk_ghost_stat_death
D:5:      layout_loops_ring, old_standard_altar, nzn_wu_jian_council_hall,
          amethyst_killhole, nicolae_elemental_shop, uniq_crazy_yiuf_cottage
D:6:      minmay_polygon_palace, layout_rooms, mainiacjoe_overflow_boulevard,
          kennysheep_vampire_church, grunt_decor_fettered, uniq_sigmund

Skill      XL: |  1  2  3  4  5  6  7 |
---------------+----------------------+-----
Dodging        | 1 2 3 4 |  4.7
Shields        | 3 4 |  4.2
Armour         | 3 4 |  4.2
Fighting       | 4 5 6 |  6.1
Polearms       | |  1.7

Action                     |  1- 3 |  4- 6 |  7- 9 || total
---------------------------+-------+-------+-------++-------
  Melee: Trident           |    50 |       |       ||    50
         Whip              |    72 |   135 |   102 ||   309
         Headbutt          |       |    25 |    22 ||    47
         Great sword       |       |       |     6 ||     6
    Use: Scroll            |       |     6 |       ||     6
         Potion            |       |       |     2 ||     2
 Armour: Scale mail        |    34 |    43 |    95 ||   172
  Dodge: Dodged            |    47 |    80 |   129 ||   256
  Block: Buckler           |    19 |    31 |    45 ||    95
